Cogmind - Beta 9 *** ADVENTURER MODE // 2019.10.24 @ 13:54:24 Player: Bob Result: Self-destructed Performance ------------- Evolutions (2) 1000 Regions Visited (3) 600 Robots Destroyed (22) 110 Value Destroyed (530) 530 Prototype IDs (4) 80 Alien Tech Used (0) 0 Bonus (200) 200 TOTAL SCORE: 2520 Bonus ------- Pacifist 200 Cogmind --------- Core Integrity 522/550 Matter 283/300 Energy 106/125 System Corruption 0% Temperature Cool (106) Location -8/Materials Parts ------- Power (2) Light Ion Engine Propulsion (4) Flight Unit Utility (3) Weight Redist. System Weapon (2) Pulse Rifle Improved Assault Rifle Inventory (4) Pulse Rifle Pulse Rifle Shock Bomb Launcher Mini Grenade Launcher Peak State ------------ Power Light Ion Engine Light Ion Engine Propulsion Flight Unit Flight Unit Flight Unit Utility High-capacity Storage Unit Weapon Improved Assault Rifle Mini Grenade Launcher Inventory Pulse Rifle Pulse Rifle Pulse Rifle Shock Bomb Launcher [Rating: 12] Favorites ----------- Power Light Ion Engine Engine Light Ion Engine Propulsion Wheel Wheel Wheel Flight Unit Flight Unit Utility Small Storage Unit Device ECM Suite Storage Small Storage Unit Weapon Assault Rifle Energy Gun Pulse Rifle Ballistic Gun Assault Rifle Launcher Mini Grenade Launcher Build | -11 -10 -9 -8 ------- Run | Scr Mat Mat Mat Slots Evolved 4 | . . 2 2 Power 1 | . . 1 . Propulsion 2 | . . 1 1 Utility 1 | . . . 1 Weapon . | . . . . Parts Attached 27 | 6 1 18 2 Power 7 | 1 . 6 . Engine 7 | 1 . 6 . Core . | . . . . Reactor . | . . . . Propulsion 5 | 2 . 3 . Treads . | . . . . Leg . | . . . . Wheel 2 | 2 . . . Hover . | . . . . Flight 3 | . . 3 . Utility 4 | 1 1 1 1 Device 2 | . 1 . 1 Storage 2 | 1 . 1 . Processor . | . . . . Hackware . | . . . . Protection . | . . . . Artifact . | . . . . Weapon 11 | 2 . 8 1 Energy Gun 2 | . . 1 1 Energy Cannon . | . . . . Ballistic Gun 7 | 2 . 5 . Ballistic Cannon . | . . . . Launcher 2 | . . 2 . Special Weapon . | . . . . Impact Weapon . | . . . . Slashing Weapon . | . . . . Piercing Weapon . | . . . . Special Melee Weapon . | . . . . Unidentified Prototypes 2 | . . 2 . Parts Lost 7 | . . 6 1 Power 1 | . . 1 . Propulsion 4 | . . 3 1 Utility 1 | . . 1 . Weapon 1 | . . 1 . Highest Loss Streak 3 | . . 3 1 Average Slot Usage (%) 73 | . 90 70 50 Engine 13 | . 14 14 9 Wheel 14 | . 28 11 . Flight 9 | . . 12 18 Device 6 | . 5 6 7 Storage 8 | . 14 7 . Energy Gun 1 | . . . 6 Ballistic Gun 17 | . 28 13 9 Launcher 2 | . . 3 . Naked Turns . | . . . . Heaviest Build 12 | 11 12 12 9 Greatest Support 20 | 20 20 20 14 Greatest Overweight (x) 2 | . . 2 . Average Overweight (x) . | . . . . Largest Inventory Capacity 12 | 6 6 12 4 Average Capacity 5 | 5 6 5 4 Most Carried 4 | 2 1 4 4 Average Carried 1 | . . 2 4 Final Capacity 4 | . . . 4 Final Carried 4 | . . . 4 Class Distribution -------------------- 100% | Mutant Dominant Class ---------------- Mutant | -10/Materials Mutant | -9/Materials Mutant | -8/Materials Resources | -11 -10 -9 -8 ----------- Run | Scr Mat Mat Mat Matter Collected 744 | 171 . 496 77 Remotely . | . . . . Salvage Created 675 | . . 675 . Parts 47 | . . 47 . Haulers Intercepted 1 | . . 1 . Recyclers Shooed 1 | . . 1 . Parts Field Recycled . | . . . . Retrieved Matter . | . . . . Parts Self-Destructed . | . . . . Prevented . | . . . . Kills | -11 -10 -9 -8 ------- Run | Scr Mat Mat Mat Combat Hostiles Destroyed 16 | . . 16 . Guns 9 | . . 9 . AOE 7 | . . 7 . Classes Destroyed 7 | . . 7 . Worker 1 | . . 1 . Builder 2 | . . 2 . Hauler 1 | . . 1 . Recycler 2 | . . 2 . Swarmer 4 | . . 4 . Grunt 8 | . . 8 . Sentry 4 | . . 4 . Best Kill Streak 6 | . . 6 . Combat Bots Only 4 | . . 4 . Max Kills in Single Turn 4 | . . 4 . Gunslinging . | . . . . Exploded 3 | . . 3 . Melee . | . . . . Uniques/NPCs Destroyed . | . . . . Combat | -11 -10 -9 -8 -------- Run | Scr Mat Mat Mat Damage Taken 737 | . . 627 110 Core 156 | . . 128 28 Absorbed by Shields . | . . . . Core Remaining (%) 89 | 100 100 68 . Volleys Fired 57 | . 2 51 4 Largest 2 | . 2 2 2 Hottest 86 | . 40 86 86 Shots Fired 92 | . 4 80 8 Gun 83 | . 4 71 8 Cannon . | . . . . Launcher 9 | . . 9 . Special . | . . . . Kinetic 72 | . 4 64 4 Thermal 11 | . . 7 4 Explosive 9 | . . 9 . Electromagnetic . | . . . . Robot Hit Streak 14 | . 1 11 14 Robot Miss Streak 2 | . 2 2 . Penetration Max . | . . . . Secondary Targets . | . . . . Shots Hit Robots 65 | . 2 57 6 Core Hits 34 | . . 33 1 Critical Hits . | . . . . Critical Kills . | . . . . Critical Parts Destroyed . | . . . . Melee Attacks . | . . . . Impact . | . . . . Slashing . | . . . . Piercing . | . . . . Sneak Attacks . | . . . . Combat Hostiles . | . . . . Follow-up Attacks . | . . . . Damage Inflicted 1616 | . 11 1540 65 Guns 782 | . 11 706 65 Cannons . | . . . . Explosions 834 | . . 834 . Melee . | . . . . Ramming . | . . . . Kinetic 665 | . 11 621 33 Thermal 117 | . . 85 32 Explosive 834 | . . 834 . Electromagnetic . | . . . . Impact . | . . . . Slashing . | . . . . Piercing . | . . . . Highest Corruption 3 | . . 3 . Average Corruption 3 | . . 3 . Corruption Purged . | . . . . Effects 7 | . . 7 . Message Errors 1 | . . 1 . Matter Fused 2 | . . 2 . Data Loss (minor) 1 | . . 1 . Targeting Errors 2 | . . 2 . Weapon Failures 1 | . . 1 . Overload Shots . | . . . . Overflow Damage 13 | . . 13 . Projectiles . | . . . . Explosions 13 | . . 13 . Melee . | . . . . Knockbacks . | . . . . Impact . | . . . . Kinetic . | . . . . Secondary . | . . . . Self-Inflicted Damage 56 | . . 56 . Shots 3 | . . 3 . Rammed . | . . . . Targets Rammed . | . . . . Kicked . | . . . . Crushed . | . . . . Highest Temperature 255 | . . 255 106 Average Temperature 79 | . . 88 36 Received Heat Transfer 291 | . . 219 72 Siege Activations . | . . . . Robots Corrupted . | . . . . Combat Hostiles . | . . . . Parts Fried . | . . . . Impact Corruptions . | . . . . Robots Melted . | . . . . Combat Hostiles . | . . . . Parts Melted . | . . . . Heat Transferred 259 | . . 185 74 Parts Sabotaged . | . . . . Parts Stolen . | . . . . Parts Stripped . | . . . . Power Chain Reactions . | . . . . Missiles Intercepted . | . . . . Alert | -11 -10 -9 -8 ------- Run | Scr Mat Mat Mat Peak Influence 382 | . 15 382 102 Average Influence 110 | . 10 168 94 Maximum Alert Level 1 | . . 1 . Low Security (%) 73 | . . . . Level 1 26 | . . . . Level 2 . | . . . . Level 3 . | . . . . Level 4 . | . . . . Level 5 . | . . . . High Security . | . . . . Max Security . | . . . . Squads Dispatched 4 | . . 3 1 Investigation . | . . . . Extermination . | . . . . Reinforcement 4 | . . 3 1 Assault . | . . . . Garrison . | . . . . Intercept . | . . . . Construction Impeded . | . . . . Haulers Reinforced . | . . . . Stealth | -11 -10 -9 -8 --------- Run | Scr Mat Mat Mat Distress Signals . | . . . . Communications Jammed . | . . . . Distress Signals . | . . . . Times Spotted 30 | . 3 23 4 Peak Tracking Total 5 | . 3 5 5 Tactical Retreats 3 | . . 3 . Traps | -11 -10 -9 -8 ------- Run | Scr Mat Mat Mat Traps Triggered 1 | . . 1 . Indirectly . | . . . . Trap Hack Attempts . | . . . . Triggered . | . . . . Disarmed . | . . . . Reprogrammed . | . . . . Reused . | . . . . Traps Extracted . | . . . . Installed . | . . . . Triggered . | . . . . Machines | -11 -10 -9 -8 ---------- Run | Scr Mat Mat Mat Machines Disabled . | . . . . Max in Single Turn . | . . . . Machines Sabotaged . | . . . . Garrisons Compromised . | . . . . Overloaded Fab Kills . | . . . . Fab Network Shutdowns . | . . . . Hacking | -11 -10 -9 -8 --------- Run | Scr Mat Mat Mat Machines Accessed 3 | . 3 . . Terminals 3 | . 3 . . Fabricators . | . . . . Repair Stations . | . . . . Recycling Units . | . . . . Scanalyzers . | . . . . Garrison Access . | . . . . Total Hacks 3 | . 3 . . Successful 3 | . 3 . . Failed . | . . . . Catastrophic . | . . . . Database Lockouts . | . . . . Manual . | . . . . Terminals 3 | . 3 . . Fabricators . | . . . . Repair Stations . | . . . . Recycling Units . | . . . . Scanalyzers . | . . . . Garrison Access . | . . . . Terminal Hacks 3 | . 3 . . Prototype ID Bank 1 | . 1 . . Surveillance Status 1 | . 1 . . Registered Prototypes 1 | . 1 . . Fabricator Hacks . | . . . . Repair Station Hacks . | . . . . Recycling Unit Hacks . | . . . . Scanalyzer . | . . . . Garrison Access Hacks . | . . . . Unauthorized Hacks . | . . . . Terminals . | . . . . Fabricators . | . . . . Repair Stations . | . . . . Recycling Units . | . . . . Scanalyzers . | . . . . Garrison Access . | . . . . Data Cores Recovered . | . . . . Used . | . . . . Hacking Detections . | . . . . Full Trace Events . | . . . . Feedback Events . | . . . . Feedback Blocked . | . . . . Robot Schematics Acquired . | . . . . Robots Built . | . . . . Matter . | . . . . Time . | . . . . Total Robot Build Rating . | . . . . Part Schematics Acquired . | . . . . Parts Built . | . . . . Matter . | . . . . Time . | . . . . Total Part Build Rating . | . . . . Parts Repaired . | . . . . Time . | . . . . Parts Recycled . | . . . . Recycled Matter . | . . . . Retrieved Matter . | . . . . Retrieved Components . | . . . . Parts Scanalyzed . | . . . . Part Schematics Acquired . | . . . . Parts Damaged . | . . . . Bothacking | -11 -10 -9 -8 ------------ Run | Scr Mat Mat Mat Used RIF Installer . | . . . . Robots Hacked . | . . . . Non-combat . | . . . . Combat . | . . . . Robot Hacks Applied . | . . . . Relay Couplers Released . | . . . . Robots Rewired . | . . . . Allies Hacked . | . . . . Hacks Repelled . | . . . . Allies | -11 -10 -9 -8 -------- Run | Scr Mat Mat Mat Total Allies . | . . . . Largest Group . | . . . . Highest-Rated Group . | . . . . Highest-Rated Ally . | . . . . Total Orders . | . . . . Ally Attacks . | . . . . Total Damage . | . . . . Kills . | . . . . Allies Corrupted . | . . . . Allies Melted . | . . . . Intel | -11 -10 -9 -8 ------- Run | Scr Mat Mat Mat Robot Analysis Total . | . . . . Derelict Logs Recovered . | . . . . Drone Launches . | . . . . Drone Recoveries . | . . . . Exploration | -11 -10 -9 -8 ------------- Run | Scr Mat Mat Mat Turns Passed 752 | 51 191 445 65 Spaces Moved 769 | 53 211 423 82 Core 19 | 18 . 1 . Treads . | . . . . Legs . | . . . . Wheels 386 | 35 211 140 . Hover . | . . . . Flight 364 | . . 282 82 Fastest Speed 34 | 50 80 34 37 Average Speed 58 | 69 80 49 37 Slowest Speed 150 | 80 80 150 37 Overloaded Moves . | . . . . Propulsion Burnouts . | . . . . Robots Hopped 3 | . . 3 . Cave-ins Triggered 1 | . . 1 . Exploration Rate (%) 26 | 2 41 53 10 Regions Visited 3 Branch Regions . Pre-discovered Areas . | . . . . Known Exits Taken . | . . . . Unknown Exits Taken 3 | 1 1 1 . Scrap Searched . | . . . . Spaces Dug . | . . . . Terrain Destroyed 92 | . . 92 . Melee . | . . . . Projectile . | . . . . AOE 92 | . . 92 . Actions | -11 -10 -9 -8 --------- Run | Scr Mat Mat Mat Total 975 | 66 228 574 107 Wait 96 | 2 14 61 19 Move 761 | 52 210 417 82 Hop 2 | . . 2 . Pick Up 22 | 6 1 15 . Fast Attach 5 | . . 3 2 Attach 18 | 6 1 11 . Detach 2 | . . 2 . Swap 4 | . . 4 . Drop 8 | . . 8 . Fire 57 | . 2 51 4 Melee . | . . . . Ram . | . . . . Kick . | . . . . Crush . | . . . . Escape Stasis . | . . . . Rewire . | . . . . Trap . | . . . . Miscellaneous . | . . . . Route ------- -11/Scrapyard -10/Materials (discovered 3 exits: [*Mat x2] / [*Min]) -9/Materials (discovered 3 exits: [*Mat] / [*Min] / [*Sto]) -8/Materials History --------- Turn | Location | Event 11 | -11/Scrapyard | Discovered new exit (range 16) 52 | -11/Scrapyard | Entered Materials 75 | -10/Materials | Discovered new exit (range 7) 101 | -10/Materials | Discovered new exit (range 11) 214 | -10/Materials | Discovered new exit (range 4) 243 | -10/Materials | Entered another Materials area 243 | -9/Materials | Evolved 2 slots: Power x1, Propulsion x1 243 | -9/Materials | Discovered new exit (range 8) 329 | -9/Materials | Build established: Mutant 487 | -9/Materials | Discovered new exit (range 10) 499 | -9/Materials | Crushed by falling debris 530 | -9/Materials | Lost 3 parts (2n1u) 683 | -9/Materials | Discovered new exit (range 12) 688 | -9/Materials | Entered another Materials area 688 | -8/Materials | Evolved 2 slots: Propulsion x1, Utility x1 753 | -8/Materials | Self-destructed Last Messages --------------- 00667_ G-34 Mercenary destroyed. 00668_ K-01 Serf collects debris. 00669_ System corrupted: Matter fused (-10). 00672_ Acquired Imp. Ion Engine. 00674_ Dropped Lgt. Ion Engine. 00674_ Acquired Lgt. Ion Engine. 00676_ Dropped Imp. Ion Engine. 00679_ K-01 Serf collects debris. 00683_ EXIT=FOUND PARAMETERS=PROPULSION_1,UTILITY_1 LOCATION=UNKNOWN GOAL=ESCAPE 00691_ Acquired 67 matter. 00691_ Acquired Weight Redist. System. 00693_ Acquired 10 matter. 00700_ Acquired Pulse Rifle. 00716_ K-01 Serf collects debris. 00720_ ALERT: Hostiles spotted, dispatching reinforcements to Terminal M003. 00751_ Flight Unit destroyed. Map ----- +----------------------------------------------------+ | ?????????????????????????????????????????????????? | | ?????????????????????????????????????????????????? | | ?????????????????????????????????????????????????? | | ?????????????????????????????????????????????????? | | ?????????? ????????????????????????????????????? | | ?????????? ???????????????????????????????????? | | ?????????? ???????????????????????????????????? | | ????????? ???????????????????????????????????? | | ?????????# #???????????????????????????????????? | | ?????????# #???????????????????????????????????? | | ?????????# #???????????????????????????????????? | | ?????+#??# #???????????????????????????????????? | | ?? #??# #???????????????????????????????????? | | "" #??# #???????????????????????????????????? | | """ #??# #???????????????????????????????????? | | """ #??# #???????????????????????????????????? | | """ =#??# #???????????????????????????????????? | | "" #??# #???????????????????????????????????? | | #?## ##?????#######??????????????????????? | | +######## ####### #??????????????????????? | | #??????????????????????? | | T #??????????????????????? | | #??????????????????????? | | ####### ####### #??????????????????????? | | #############??######+#######??????????????????? | | #= T #?????# g@ #??????????????????? | | # #?????# gg #??????????????????? | | # ??????# """ """ #??????????????????? | | # """ ???????# """ """ #??????????????????? | | # """""???????# """ """ #??????????????????? | | + """"" ??????##############??????????????????? | | # """"" ??????????????????????????????????????? | | # """ #?????????????????????????????????????? | | # #?????????????????????????????????????? | | ##########?????????????????????????????????????? | | # #???????????????????????????????????????? | | # #???????????????????????????????????????? | | + #???????????????????????????????????????? | | # #???????????????????????????????????????? | | # % #???????????????????????????????????????? | | # #???????????????????????????????????????? | | ##########???????????????????????????????????????? | | ?????????????????????????????????????????????????? | | ?????????????????????????????????????????????????? | | ?????????????????????????????????????????????????? | | ?????????????????????????????????????????????????? | | ?????????????????????????????????????????????????? | | ?????????????????????????????????????????????????? | | ?????????????????????????????????????????????????? | | ?????????????????????????????????????????????????? | +----------------------------------------------------+ Best States ------------- Heat Dissipation 31 Energy Generation 15 Energy Capacity 150 Matter Stores 300 Matter Capacity 300 Sight Range 16 Terrain Scan Density 10 ECM Strength 1 Additional Mass Support 6 Resistance: KI 20 Resistance: TH 20 Resistance: EX 20 Resistance: EM 20 Resistance: I 20 Resistance: S 20 Resistance: P 20 Evasion (%) 63 Item Schematics ----------------- None Robot Schematics ------------------ None Fabricated ------------ Nothing Alien Tech Used ----------------- None Achievements -------------- None Challenges ------------ None Game ------ Seed CompositeGravityInverter Manual? 0 Play Time 00:10:36 Cumulative 156.5 hours Start 2019.10.24 @ 13:44:37 End 2019.10.24 @ 13:54:24 Sessions 1 Manual Loads 0 Difficulty Adventurer Special Mode None Game No. 249 Rogue 233 Adventurer 8 Explorer 0 Win Type - Total 0 Types 0/0/0/0/0/0/0 Lore% 41 Gallery% 56 Achievement% 16 Wizard Run 0 Options --------- ASCII 0 Keyboard 0 Movement Mouse Keybinds 0 Fullscreen 0 Font 16/SmallcapsGlow Map View 76x50 Tactical HUD 1 Map Filters NONE Filters NONE Steam 1 RUN: 048af449-d682-444f-b84c-5cf4466658c1